 Dungeon Crawl Stone Soup version 0.29-a0-187-ga23d9638d5 (webtiles) character file.

Game seed: 16834987412142719552

14928 siradein the Grappler (level 11, -1/111 HPs)
             Began as a Troll Fighter on Feb 21, 2022.
             Was a Priest of Qazlal.
             Slain by a centaur warrior (6 damage)
             ... on level 11 of the Dungeon.
             The game lasted 00:41:53 (12195 turns).

siradein the Grappler (Troll Fighter)              Turns: 12195, Time: 00:41:54

Health: -1/111     AC:  6    Str: 26    XL:     11   Next: 95%
Magic:  15/15      EV: 15    Int:  4    God:    Qazlal [***...]
Gold:   610        SH: 14    Dex: 13    Spells: 10/10 levels left

rFire   . . .      SeeInvis .     - Unarmed
rCold   . . .      Faith    +   b - +0 kite shield
rNeg    . . .      Spirit   .   N - +0 troll leather armour
rPois   .          Reflect  .   (helmet restricted)
rElec   .          Harm     .   (no cloak)
rCorr   .          Rampage  .   (gloves unavailable)
Will    +....                   (boots unavailable)
Stlth   +.........              S - amulet of faith
HPRegen 1.88/turn               l - ring of willpower
MPRegen 0.14/turn               a - +4 ring of evasion

@: no status effects
A: large, unfitting armour, claws 3, regeneration 1, shaggy fur 1, tough skin 1
a: Renounce Religion, Upheaval, Elemental Force


You were on level 11 of the Dungeon.
You worshipped Qazlal.
Qazlal was most pleased with you.
You visited 1 branch of the dungeon, and saw 11 of its levels.
You also visited: Sewer, Bailey and Gauntlet.

You collected 610 gold pieces.

Inventory:

Hand Weapons
 B - a +3 morningstar
 H - a +0 hunting sling
Missiles
 d - 349 stones
 q - 10 poisoned darts
 s - 3 curare-tipped darts (quivered)
 v - 11 throwing nets
 C - 6 boomerangs
 T - 3 javelins
Armour
 b - a +0 kite shield (worn)
 N - a +0 troll leather armour (worn)
 V - +0 ice dragon scales
Jewellery
 a - a +4 ring of evasion (right claw)
 l - a ring of willpower (left claw)
 p - a +6 ring of strength
 Q - the ring "Kifesuur" {rElec MP+9}
   (You found it in a Gauntlet)

   [ring of magical power]

   rElec:     It insulates you from electricity.
   MP:        It affects your magic capacity (+9).
 S - an amulet of faith (around neck)
 X - an amulet of the acrobat
Wands
 y - a wand of polymorph (17)
 A - a wand of digging (11)
 I - a wand of flame (38)
 M - a wand of mindburst (8)
Scrolls
 e - 7 scrolls of teleportation
 g - a scroll of immolation
 i - 6 scrolls of vulnerability {unknown}
 k - 2 scrolls of amnesia
 m - 4 scrolls of fog {unknown}
 n - 6 scrolls of magic mapping {unknown}
 r - a scroll of brand weapon
 w - 2 scrolls of summoning
 x - a scroll of blinking
 E - 2 scrolls of torment {unknown}
 G - 2 scrolls of fear
 J - 2 scrolls of enchant weapon
 U - a scroll of enchant armour {unknown}
Potions
 c - 2 potions of might
 f - 3 potions of berserk rage {unknown}
 h - a potion of ambrosia
 j - 2 potions of flight
 o - a potion of attraction
 t - 6 potions of curing
 u - 2 potions of mutation {unknown}
 z - 6 potions of heal wounds {unknown}
 D - 3 potions of cancellation {unknown}
 F - 3 potions of brilliance {unknown}
 K - a potion of resistance {unknown}
 L - 3 potions of magic {unknown}
 O - a potion of lignification {unknown}
 P - 2 potions of degeneration {unknown}
Miscellaneous
 R - a condenser vane
 W - a phantom mirror


   Skills:
 + Level 8.0 Fighting
 + Level 8.1 Dodging
 + Level 8.0 Shields
 + Level 9.3 Unarmed Combat
 + Level 6.9 Invocations


You had 10 spell levels left.
You didn't know any spells.
Your spell library contained the following spells:

 Spells                   Type           Power      Damage    Failure   Level
 Animate Skeleton         Necr           0%         N/A       78%         1
 Pain                     Necr           0%         1d4       78%         1
 Sandblast                Erth           0%         2d4       78%         1
 Slow                     Hex            0%         N/A       78%         1
 Blink                    Tloc           0%         N/A       89%         2
 Corpse Rot               Necr/Air       0%         N/A       89%         2
 Passwall                 Tmut/Erth      0%         N/A       89%         2
 Static Discharge         Conj/Air       0%         N/A       89%         2
 Confusing Touch          Hex            0%         N/A       98%         3
 Dazzling Flash           Conj/Hex       0%         N/A       98%         3
 Inner Flame              Hex/Fire       0%         N/A       98%         3
 Mephitic Cloud           Conj/Pois/Air  0%         N/A       98%         3
 Spider Form              Tmut/Pois      0%         N/A       98%         3
 Stone Arrow              Conj/Erth      0%         3d7       98%         3
 Vampiric Draining        Necr           0%         2d6       98%         3
 Dispel Undead            Necr           0%         3d6       100%        4
 Iskenderun's Mystic Bla  Conj/Tloc      0%         2d3       100%        4
 Leda's Liquefaction      Hex/Erth       0%         N/A       100%        4
 Sticky Flame             Conj/Fire      0%         2d3       100%        4
 Manifold Assault         Tloc           0%         N/A       100%        5
 Summon Forest            Summ/Tloc      0%         N/A       100%        5
 Death Channel            Necr           0%         N/A       100%        6
 Eringya's Noxious Bog    Tmut/Pois      0%         N/A       100%        6
 Starburst                Conj/Fire      0%         6d3       100%        6
 Storm Form               Tmut/Air       0%         N/A       100%        7
 Summon Hydra             Summ           0%         N/A       100%        7
 Fire Storm               Conj/Fire      0%         5d1       100%        9


Dungeon Overview and Level Annotations

Branches:
Dungeon (11/15)            Temple (0/1) D:6             Orc (0/2) D:11
  Sewer (visited)          Bailey (visited)         Gauntlet (visited)
   Lair: D:8-11

Altars:
Ashenzari
Cheibriados
Dithmenos
Fedhas
Gozag
Hepliaklqana
Nemelex Xobeh
Okawaru
Qazlal
Sif Muna
Uskayaw
Vehumet
Xom
Yredelemnul
The Shining One

Shops:
D:4 *   D:6 :   D:7 [

Annotations:
D:9 2 transporters


Innate Abilities, Weirdness & Mutations

You are too large for most types of armour.
You have claws for hands.
Your natural rate of healing is unusually fast.
You are covered in fur. (AC +1)
You have tough skin. (AC +1)


Message History

You are too injured to fight recklessly!
You are too injured to fight recklessly!
You are too injured to fight recklessly!
Unknown command.
You are too injured to fight recklessly!
You are too injured to fight recklessly!
You mangle the centaur warrior!!
The centaur warrior is heavily wounded.
The centaur warrior hits you! You block the centaur warrior's attack.
You block the centaur's attack. The centaur barely misses you.
The centaur shoots an arrow.
The arrow hits you! The centaur closely misses you. The centaur kicks you.
You block the centaur warrior's attack. The centaur warrior misses you.
The orc priest begins to cast a cantrip, but forgets the words!
You claw the centaur warrior!
The centaur warrior is severely wounded.
You block the centaur's attack. The centaur barely misses you.
The centaur shoots an arrow.
The arrow hits you!
* * * LOW HITPOINT WARNING * * *
The centaur hits you.
* * * LOW HITPOINT WARNING * * *
You block the centaur's attack.
You block the centaur warrior's attack. x2
The orc priest mumbles some strange prayers to Beogh against you.
Pain shoots through your body!
* * * LOW HITPOINT WARNING * * *
You scratch the centaur warrior.
The centaur warrior is severely wounded.
You block the centaur's attack. The centaur barely misses you.
The centaur hits you.
* * * LOW HITPOINT WARNING * * *
The centaur closely misses you. You block the centaur warrior's attack.
The centaur warrior kicks you.
* * * LOW HITPOINT WARNING * * *
You block the centaur's attack. The centaur barely misses you.
The centaur unwields a +0 shortbow.
You block the centaur's attack. x2
The centaur hits you.
* * * LOW HITPOINT WARNING * * *
The centaur kicks you but does no damage.
The centaur warrior hits you.
You die...

#..............).
##.......##.....).
#........##...)##.
#..............##.
#................. .
#..........###.... ...
#.......######....
.....##cc.....# #.....
#.....c@......# #...).
#.....co###########.....
#.......# #.........#
#......^. #.####..###
#.......# ####..#
#.......# #.....#
#.......# ....##.####
######### #.###......
#..........


You could see a centaur warrior, 3 centaurs and an orc priest.

Vanquished Creatures
  A minotaur (Gauntlet)
  Harold (D:8)
  A boulder beetle (D:11)
  A centaur warrior (D:11)
  An obsidian statue (Gauntlet)
  A deep elf pyromancer (D:9)
  An ice statue (Gauntlet)
  Joseph (D:7)
  A rime drake (Gauntlet)
  3 trolls (D:10)
  A hornet (D:8)
  Sigmund (D:3)
  A wyvern (D:7)
  2 wraiths
  5 shadows
  Eustachio (D:3)
  8 yaks
  A human (D:11)
  8 vampire mosquitoes (D:11)
  A steam dragon (D:9)
  Edmund (D:6)
  A warg (D:11)
  A water moccasin (D:5)
  A sky beast (D:7)
  4 orc warriors
  A necrophage (D:6)
  An ogre (D:5)
  3 centaurs
  3 wolves (Bailey)
  A phantom (D:5)
  4 kobold brigands
  4 bullfrogs
  12 gnoll sergeants
  A wyvern zombie (D:6)
  2 scorpions (D:6)
  A water moccasin skeleton (D:3)
  3 killer bees (D:9)
  8 wights (D:7)
  2 electric eels (D:9)
  2 howler monkeys
  6 centaur zombies
  A bullfrog zombie (D:6)
  2 jellies
  6 gnoll shamans (Bailey)
  2 hounds (Bailey)
  6 orc priests
  A centaur skeleton (D:4)
  3 iguanas
  12 orc wizards
  A hound skeleton (D:3)
  2 howler monkey zombies
  26 gnolls
  4 adders
  A worm (D:2)
  A dart slug (D:3)
  29 orcs
  5 bats
  3 endoplasms
  5 giant cockroaches
  10 goblins
  8 hobgoblins
  4 jackals
  12 quokkas
  5 ball pythons
  3 frilled lizards
  19 kobolds
  9 rats
283 creatures vanquished.

Notes
Turn   | Place    | Note
-------+----------+-------------------------------------------
     0 | D:1      | siradein the Troll Fighter began the quest for the Orb.
     0 | D:1      | Reached XP level 1. HP: 22/22 MP: 0/0
   167 | D:1      | Reached XP level 2. HP: 18/29 MP: 1/1
   372 | D:1      | Found a faded altar of an unknown god.
   650 | D:2      | Identified the +1 mace of Harmony {vorpal, +Blink}
   711 | D:2      | Reached XP level 3. HP: 36/36 MP: 2/2
  1490 | D:3      | Noticed Sigmund
  1526 | D:3      | Killed Sigmund
  1527 | D:3      | Reached skill level 3 in Unarmed Combat
  1527 | D:3      | Reached XP level 4. HP: 37/45 MP: 3/3
  1527 | D:3      | Reached XP level 5. HP: 43/53 MP: 4/4
  1726 | D:3      | Found a hide-covered altar of Uskayaw.
  1932 | D:3      | Found a sparkling altar of Nemelex Xobeh.
  2115 | D:3      | Reached XP level 6. HP: 61/61 MP: 5/5
  2127 | D:3      | Found an iron altar of Okawaru.
  2557 | D:4      | Found Qiuza's Assorted Antiques.
  2718 | D:4      | Noticed Eustachio
  2900 | D:3      | Killed Eustachio
  2901 | D:3      | Reached skill level 4 in Unarmed Combat
  2901 | D:3      | Reached XP level 7. HP: 50/68 MP: 6/6
  3431 | D:5      | Entered Level 5 of the Dungeon
  3488 | D:5      | Found a glowing drain.
  3508 | Sewer    | Entered a sewer
  4583 | Sewer    | Found a white marble altar of Elyvilon.
  5104 | D:5      | Reached skill level 5 in Unarmed Combat
  5104 | D:5      | Reached XP level 8. HP: 68/79 MP: 7/7
  5116 | D:5      | Found a blossoming altar of Fedhas.
  5215 | D:5      | Found a stormy altar of Qazlal.
  5230 | D:5      | Became a worshipper of Qazlal Stormbringer
  5382 | D:5      | Found a broken altar of Ashenzari.
  5535 | D:6      | Found Ikacruq's Book Boutique.
  5544 | D:6      | Noticed Edmund
  5555 | D:6      | Killed Edmund
  5579 | D:6      | Reached skill level 1 in Invocations
  5625 | D:6      | Reached skill level 5 in Fighting
  5625 | D:6      | Reached skill level 5 in Dodging
  5625 | D:6      | Reached skill level 5 in Shields
  5664 | D:6      | Found a staircase to the Ecumenical Temple.
  5737 | D:6      | Found a radiant altar of Vehumet.
  5785 | D:6      | Found a glowing golden altar of the Shining One.
  5852 | D:6      | Identified the +5 scale mail of Byvishren {rC+}
  6150 | D:7      | Reached skill level 6 in Unarmed Combat
  6150 | D:7      | Reached XP level 9. HP: 82/88 MP: 9/9
  6188 | D:7      | Found Cheibriados's Comfort Zone.
  6206 | D:7      | Got the Almanac of Fiery Black Secrets
  6217 | D:7      | Noticed Joseph
  6227 | D:7      | Killed Joseph
  6319 | D:7      | Reached * piety under Qazlal
  6448 | D:7      | Found a basalt altar of Yredelemnul.
  6511 | D:7      | Found a snail-covered altar of Cheibriados.
  6694 | D:7      | Found an opulent altar of Gozag.
  6972 | D:8      | Noticed Harold
  7300 | D:8      | Found a hazy altar of Hepliaklqana.
  7356 | D:8      | Reached skill level 7 in Unarmed Combat
  7756 | D:8      | Killed Harold
  7757 | D:8      | Reached XP level 10. HP: 98/98 MP: 10/12
  7851 | D:9      | Noticed a tengu warrior
  7851 | D:9      | Found a transporter.
  7904 | D:9      | Found a shadowy altar of Dithmenos.
  7940 | D:9      | Noticed a red ugly thing
  7943 | D:9      | Found a transporter.
  7944 | D:9      | Noticed a brown ugly thing
  7946 | D:9      | Noticed a boulder beetle
  7947 | D:9      | Found a shimmering blue altar of Sif Muna.
  7962 | D:9      | Found the +8 frozen axe "Frostbite" {freezing cloud, *Noise
                  | Fly rC+}
  8394 | D:9      | Noticed a deep elf pyromancer
  8425 | D:9      | Killed a deep elf pyromancer
  8425 | D:9      | Reached ** piety under Qazlal
  8552 | D:9      | Reached skill level 5 in Invocations
  8594 | D:9      | Found a shimmering altar of Xom.
  9049 | D:10     | Entered Level 10 of the Dungeon
  9208 | D:10     | Identified the +5 glaive of Hepliaklqana's Anger {speed,
                  | rElec Will++ Dex-3 SInv}
  9273 | D:10     | Found a flagged portal.
  9345 | Bailey   | Entered a bailey
  9358 | Bailey   | Reached skill level 8 in Unarmed Combat
  9827 | Bailey   | Identified the +8 flail of the Five Souls {freeze, *Rage
                  | rPois rF++ rC+}
 10138 | Bailey   | Got the Catalogue of Venomous Stones
 10287 | D:10     | Reached XP level 11. HP: 92/109 MP: 14/14
 10981 | D:11     | Noticed a boulder beetle
 11001 | D:11     | Killed a boulder beetle
 11078 | D:11     | Reached *** piety under Qazlal
 11149 | D:11     | Noticed a centaur warrior
 11162 | D:11     | Killed a centaur warrior
 11259 | D:11     | Found a gate leading to a gauntlet.
 11264 | Gauntlet | Entered a Gauntlet
 11264 | Gauntlet | Found a transporter.
 11264 | Gauntlet | Found a transporter.
 11270 | Gauntlet | Noticed a fire crab
 11279 | Gauntlet | Found a transporter.
 11294 | Gauntlet | Found a transporter.
 11294 | Gauntlet | Found a transporter.
 11296 | Gauntlet | Found a transporter.
 11296 | Gauntlet | Found a transporter.
 11298 | Gauntlet | Found a transporter.
 11307 | Gauntlet | Found a runed translucent gate.
 11309 | Gauntlet | Found a transporter.
 11310 | Gauntlet | Found a runed translucent gate.
 11311 | Gauntlet | Found a runed translucent gate.
 11318 | Gauntlet | Noticed an obsidian statue
 11325 | Gauntlet | Found a transporter.
 11333 | Gauntlet | Found a runed translucent door.
 11335 | Gauntlet | Found a transporter.
 11335 | Gauntlet | Noticed a blizzard demon
 11337 | Gauntlet | Found a runed translucent door.
 11349 | Gauntlet | Found a transporter.
 11369 | Gauntlet | Found a transporter.
 11381 | Gauntlet | Found a transporter.
 11413 | Gauntlet | Reached skill level 9 in Unarmed Combat
 11432 | Gauntlet | Identified the ring "Kifesuur" {rElec MP+9}
 11582 | Gauntlet | Killed an obsidian statue
 11599 | Gauntlet | Identified the ring of Qim Bup {Ice Str+4 Int-5 Dex+4}
 11599 | Gauntlet | Noticed a minotaur
 11651 | Gauntlet | Killed a minotaur
 12096 | D:11     | Found a staircase to the Orcish Mines.
 12188 | D:11     | Noticed a centaur warrior
 12195 | D:11     | HP: 5/111 [centaur[a centaur warrior] (3)]
 12195 | D:11     | Slain by a centaur warrior

Illustrated notes

Levels and vault maps discovered:
D:1:      amcnicky_arrival_wind_blow, layout_basic,
          hellmonk_ecumenical_altar_heavens_door
D:2:      layout_loops_cross, serial_forest, infiniplex_forest_end_1,
          infiniplex_forest_clump_long, infiniplex_forest_lined_3_way,
          infiniplex_forest_lined_room_2, infiniplex_forest_clump_double
D:3:      layout_loops_cross, nemelex_diamond_rough_becter, marbit_many_paths,
          okawaru_ov_weapons_minmay, minivault_4, minmay_between, uniq_sigmund
D:4:      layout_layer_cave, serial_shops, nicolae_square_shop,
          minmay_statues_item, serial_park_tiny_2, uniq_eustachio
D:5:      layout_gridville, fedhas_bush_and_centaur_altar,
          nicolae_qazlal_scattered_showers, mainiacjoe_overflow_brackets,
          portal_sewer_entry_f, chequers_serial_rivers_micro_c
D:6:      layout_basic, mainiacjoe_overflow_six_doors_small,
          general_overflow_altar, minmay_temple_entry_waves, serial_shops,
          nicolae_shop_hallway_plus, uniq_edmund
D:7:      layout_loops_ring, mainiacjoe_overflow_24_doors,
          nicolae_gozag_seed_capital, minmay_shop_chei, uniq_joseph
D:8:      layout_basic, mainiacjoe_overflow_surrounded_room, uniq_harold
D:9:      layout_basic, gammafunk_temple_overflow_arena,
          mainiacjoe_overflow_boulevard, mainiacjoe_overflow_alcove_4
D:10:     layout_loops_ring, enter_bailey_8
D:11:     layout_loops_cross, lair_entry_dummy, erik_orc_4,
          gauntlet_entry_generic

Skill      XL: |  1  2  3  4  5  6  7  8  9 10 11 |
---------------+----------------------------------+-----
Fighting       | 3 4 5 6 7 8 |  8.0
Dodging        | 3 4 5 6 7 8 |  8.1
Shields        | 3 4 5 6 7 8 |  8.0
Unarmed Combat | 3 4 5 6 7 8 9 |  9.3
Invocations    | 2 4 5 6 |  6.9

Action                   |  1- 3 |  4- 6 |  7- 9 | 10-12 || total
-------------------------+-------+-------+-------+-------++-------
Melee: Unarmed           |   116 |    93 |   287 |   473 ||   969
Throw: Dart              |       |       |    12 |    11 ||    23
       Throwing net      |       |       |     1 |     5 ||     6
Invok: Upheaval          |       |       |       |     3 ||     3
  Use: Scroll            |       |     3 |     4 |     4 ||    11
       Potion            |       |       |       |     2 ||     2
 Stab: Sleeping          |     1 |       |     1 |       ||     2
       Held in net/web   |       |       |     1 |       ||     1
Armor: Robe              |    43 |    32 |    50 |    24 ||   149
       Troll leather arm |       |       |       |    33 ||    33
Dodge: Dodged            |    49 |    51 |    97 |   223 ||   420
Block: Kite shield       |    58 |    48 |   118 |   330 ||   554

Table legend: (Time is in decaauts)
 A = Elapsed time spent in this place.
 B = Non-inter-level travel time spent in this place.
 C = Inter-level travel time spent in this place.
 D = Time resting spent in this place.
 E = Time spent auto-exploring this place.
 F = Levels seen in this place.
 G = Mean time per level.
                   A        B        C        D        E       F      G
               +--------+--------+--------+--------+--------+-----+--------+
         Total |  12331 |  12092 |    239 |   1246 |   7387 |  14 |  880.8 |
       Dungeon |   9674 |   9435 |    239 |    334 |   6657 |  11 |  879.5 |
         Sewer |   1242 |   1242 |      0 |    815 |    169 |   1 | 1242.0 |
        Bailey |    903 |    903 |      0 |     85 |    346 |   1 |  903.0 |
      Gauntlet |    510 |    510 |      0 |     12 |    215 |   1 |  510.0 |
               +--------+--------+--------+--------+--------+-----+--------+

Top non-repeatable levels by time:
   Sewer: 1242 daAuts
     D:9: 1203 daAuts
     D:4: 1058 daAuts
     D:7: 1017 daAuts
    D:10: 1012 daAuts
     D:3: 957 daAuts
     D:5: 942 daAuts
  Bailey: 903 daAuts
     D:2: 806 daAuts
     D:8: 726 daAuts
    D:11: 711 daAuts
     D:1: 626 daAuts
     D:6: 611 daAuts
Gauntlet: 510 daAuts
